Cogmind - Beta 16.1 @@@ ROGUE MODE // 2026.02.23 @ 21:46:39 Player: JuustuToug Result: Destroyed by C-57 Dissector with Dual-blade Saw Performance ------------- Evolutions (8) 4000 Regions Visited (25) 5000 Robots Destroyed (338) 1690 Value Destroyed (13581) 13581 Prototype IDs (66) 1320 Alien Tech Used (0) 0 Bonus (4966) 4966 TOTAL SCORE: 30557 Bonus ------- High Alert Combat Kills 1218 Follower Combat Kills 2803 Hunted by Unchained 500 Entered Garrisons 200 Network Hubs Disabled 600 Met Imprinter 300 Was Imprinted 300 Acquired ECA 300 Met Warlord at Base 500 MAIN.C Attacked Warlord 500 Warlord Defense Kills 2176 Built Enhanced Grunts 300 Friendly Fire -4731 Cogmind --------- Core Integrity 0/1450 Matter 277/300 Energy 99/100 System Corruption 5% Temperature Cool (0) Movement Core (50) Location -2/Research Parts ------- > --- POWER (3) -------- (None) > --- PROPULSION (5) --- (None) > --- UTILITY (13) ----- (None) > --- WEAPON (2) ------- (None) > --- INVENTORY (5) ---- Advanced Sensor Array Advanced ECM Suite Enhanced Quantum Rifle Enhanced Force Lance Peak State ------------ > --- POWER ------------ Heavy Antimatter Reactor Particle Reactor Improved Quantum Reactor > --- PROPULSION ------- Enhanced Biometal Leg Enhanced Biometal Leg Enhanced Biometal Leg Enhanced Biometal Leg > --- UTILITY ---------- Advanced Heat Sink Large Storage Unit Experimental Optical Array Advanced Sensor Array Advanced Signal Interpreter Makeshift Terrain Scanner Experimental Core Analyzer Improved Kinecellerator Experimental Transmission Jammer Medium Regenerative Plating Experimental EM Disruption Field Improved Force Field > --- WEAPON ----------- Helical Railgun Helical Railgun > --- INVENTORY -------- Antimatter Reactor Flexi-carbon Leg Flexi-carbon Leg Flexi-carbon Leg Myomer Leg Advanced Sensor Array Experimental Transmission Jammer Advanced ECM Suite Advanced Reaction Control System Graphene Brace HERF Cannon Tri-rail Accelerator Compact Tesla Bomb Launcher Molecular Scythe [Rating: 169] Favorites ----------- Power Neutrino Core Engine Heavy Ion Engine Power Core Neutrino Core Reactor Light Quantum Reactor Propulsion Light Treads Treads Light Treads Leg Enhanced Biometal Leg Wheel Wheel Hover Unit Improved Hover Unit Flight Unit VTOL Module Utility Large Storage Unit Device Advanced Heat Sink Storage Large Storage Unit Processor Transport Network Coupler Hackware Hacking Suite Protection Medium Regenerative Plating Weapon Heavy Particle Cannon Energy Gun Medium Laser Energy Cannon Heavy Particle Cannon Ballistic Gun Helical Railgun Ballistic Cannon Light Cannon Launcher Heavy Rocket Launcher Impact Weapon Hammer Slashing Weapon Molecular Scythe Piercing Weapon Vortex Lance Special Melee Weapon Datajack Build | -11 -10 -10 -9 -9 -8 -8 -8 -7 -7 -7 -7 -6 -6 -6 -6 -6 -6 -5 -5 -5 -5 -4 -4 -3 -2 ------- Run | Yrd Mat Min Mat Min Mat Gar Mat Fac Low Low Zio Pro Fac Ext Cet Arc Hub Fac Upp Upp War Pro Fac Res Res Slots Evolved 16 | . . . 2 . 2 . . 2 . . . . 2 . . . . 2 . . . . 2 2 2 Power 2 | . . . . . . . . . . . . . . . . . . 1 . . . . 1 . . Propulsion 3 | . . . . . 2 . . . . . . . . . . . . . . . . . . . 1 Utility 11 | . . . 2 . . . . 2 . . . . 2 . . . . 1 . . . . 1 2 1 Weapon . | . . . . . . . . . . . . . . . . . . . . . . . . . . Parts Attached 325 | 7 8 6 28 . 12 16 29 32 15 1 2 5 25 13 5 4 12 6 5 1 18 13 20 27 15 Power 41 | 1 . 1 2 . . 4 5 2 3 . . 2 1 1 2 . 2 1 . . 1 4 3 2 4 Engine 13 | 1 . . 2 . . . 3 2 1 . . 2 . . . . . . . . . . . . 2 Core 16 | . . 1 . . . 4 2 . 2 . . . 1 1 . . 1 1 . . . 2 1 . . Reactor 12 | . . . . . . . . . . . . . . . 2 . 1 . . . 1 2 2 2 2 Propulsion 91 | 2 . 2 4 . 6 7 13 11 5 . . 3 7 3 . 1 4 . 2 . 5 3 4 2 7 Treads 26 | 2 . 2 4 . 5 7 . 3 . . . 3 . . . . . . . . . . . . . Leg 53 | . . . . . . . 13 6 4 . . . 6 3 . 1 4 . 1 . 5 3 3 2 2 Wheel 4 | . . . . . . . . . 1 . . . 1 . . . . . . . . . 1 . 1 Hover 7 | . . . . . 1 . . 1 . . . . . . . . . . 1 . . . . . 4 Flight 1 | . . . . . . . . 1 . . . . . . . . . . . . . . . . . Utility 125 | 2 4 1 10 . 3 3 6 10 5 1 1 . 11 5 2 3 5 4 1 1 8 5 11 19 4 Device 73 | 1 1 1 4 . 1 2 4 2 4 . 1 . 7 . . 3 3 3 1 1 5 4 7 16 2 Storage 10 | 1 2 . 1 . . . . 2 . . . . 1 1 . . . . . . 1 . 1 . . Processor 19 | . 1 . . . 1 . . 2 1 . . . 2 . . . 2 1 . . 2 . 2 3 2 Hackware 1 | . . . 1 . . . . . . . . . . . . . . . . . . . . . . Protection 22 | . . . 4 . 1 1 2 4 . 1 . . 1 4 2 . . . . . . 1 1 . . Artifact . | . . . . . . . . . . . . . . . . . . . . . . . . . . Weapon 68 | 2 4 2 12 . 3 2 5 9 2 . 1 . 6 4 1 . 1 1 2 . 4 1 2 4 . Energy Gun 11 | 1 1 . 2 . 1 . 1 . . . 1 . . 2 1 . . . . . . . . 1 . Energy Cannon 22 | . . 1 3 . . 2 1 4 2 . . . 1 2 . . 1 1 1 . 2 1 . . . Ballistic Gun 14 | 1 1 . 5 . 1 . 1 2 . . . . 1 . . . . . . . 1 . 1 . . Ballistic Cannon 3 | . 1 . . . . . . . . . . . . . . . . . . . . . . 2 . Launcher 10 | . . 1 1 . 1 . 1 2 . . . . 2 . . . . . 1 . . . 1 . . Special Weapon . | . . . . . . . . . . . . . . . . . . . . . . . . . . Impact Weapon 1 | . 1 . . . . . . . . . . . . . . . . . . . . . . . . Slashing Weapon 5 | . . . . . . . 1 1 . . . . 2 . . . . . . . . . . 1 . Piercing Weapon 1 | . . . . . . . . . . . . . . . . . . . . . 1 . . . . Special Melee Weapon 1 | . . . 1 . . . . . . . . . . . . . . . . . . . . . . Unidentified Prototypes 43 | . . . 3 . 1 . 1 1 . . 1 . 7 1 4 . 2 . . . 9 1 8 4 . Corrupted Parts 10 | . . . . . . . 1 . . . . . . . 1 . 4 . . . . 4 . . . System Corruption 54 | . . . . . . . 5 . . . . . . . 10 . 24 . . . . 15 . . . Parts Lost 100 | . . 1 1 . . 3 11 15 5 1 . 1 1 1 . 1 3 . 3 . 5 4 3 26 15 Power 16 | . . . . . . . 2 3 1 . . . . 1 . . . . . . . 1 . 4 4 Propulsion 36 | . . 1 . . . . 6 7 2 1 . 1 1 . . 1 . . 2 . 1 . . 5 8 Utility 34 | . . . 1 . . 1 2 3 1 . . . . . . . 3 . . . 3 1 3 15 1 Weapon 14 | . . . . . . 2 1 2 1 . . . . . . . . . 1 . 1 2 . 2 2 Highest Loss Streak 24 | . . 1 1 . . 1 10 5 4 1 . 1 1 1 . 1 2 . 3 . 2 3 3 24 9 To Critical Strikes 1 | . . . . . . . . . . . . . . . . 1 . . . . . . . . . Average Backups 14 | . 7 13 14 15 14 14 14 13 12 14 14 15 14 14 15 14 14 14 14 13 14 14 14 14 7 Power . | . 1 1 1 1 1 1 . . . . 1 1 1 . 1 1 1 . 1 1 1 . . 1 . Propulsion 2 | . 1 2 3 3 3 3 2 . . . . . 2 4 4 3 3 4 3 3 3 3 3 3 . Utility 5 | . . 2 4 5 4 4 5 6 7 8 8 8 5 5 5 5 4 4 5 5 6 5 6 3 3 Weapon 4 | . 3 7 5 5 5 4 4 5 3 2 3 4 4 4 5 5 5 5 4 4 4 3 4 5 4 Tool/Special . | . . . . . . . . . . . . . . . . . . . . . . . . . . Unused Backups 87 | . 1 1 16 . 2 6 11 6 1 2 1 1 6 2 . 1 3 2 1 2 5 1 2 8 6 Power 7 | . . . 1 . . 1 1 . . . . 1 . . . 1 1 . . . . . 1 . . Propulsion 12 | . . . 4 . . 3 3 . . . . . . . . . . . . . 2 . . . . Utility 31 | . 1 . 3 . 1 . 2 4 1 2 . . 4 1 . . . 1 1 2 2 1 1 2 2 Weapon 35 | . . 1 8 . 1 2 5 2 . . 1 . 1 1 . . 2 . . . 1 . . 6 4 Tool/Special 2 | . . . . . . . . . . . . . 1 . . . . 1 . . . . . . . Average Slot Usage (%) 96 | . 97 97 99 100 99 100 97 93 87 100 100 98 95 100 100 99 99 99 99 100 96 93 99 94 29 Engine 3 | . 14 6 7 11 9 3 3 6 2 . . 5 6 3 4 . . . . . . . . . 1 Core 3 | . . 5 3 . . 5 4 . 4 7 7 1 . 2 . . 1 5 11 11 4 2 4 . . Reactor 1 | . . . . . . . . . . . . . . . 1 6 4 3 . . 2 5 10 13 1 Treads 9 | . 28 27 21 22 31 36 8 1 4 . . 17 4 . . . . . . . . . . . . Leg 15 | . . . . . . . 26 27 14 30 30 11 14 26 26 26 25 23 22 23 22 23 20 18 8 Device 15 | . 12 14 14 11 9 11 8 12 15 10 15 14 19 19 20 19 19 17 17 17 15 18 25 24 6 Storage 7 | . 14 14 11 11 9 9 8 7 7 7 7 7 6 6 6 6 6 5 5 5 5 5 5 4 3 Processor 13 | . . . . . 1 9 9 16 20 23 23 23 20 20 20 20 20 21 23 23 24 20 15 17 . Hackware 1 | . . . 10 11 7 . . . . . . . . . . . . . . . . . . . . Protection 5 | . . . 7 11 9 6 9 6 1 4 . . 5 6 6 6 6 5 5 5 5 5 5 3 . Energy Gun 1 | . 14 6 3 . . . 1 2 . . . . . 2 . . . . . . . . . . . Energy Cannon 7 | . . 7 7 11 9 14 14 3 11 14 15 15 7 1 6 6 6 5 6 11 9 5 4 . . Ballistic Gun 3 | . 5 13 10 11 8 2 2 3 . . . . 2 2 . . . . . . 1 . 5 7 . Slashing Weapon 1 | . . . . . . . . 1 . . . . 2 5 6 6 6 4 3 . . . . . 2 Peak Build Rating 169 | 7 9 14 21 19 27 29 35 39 47 47 50 48 80 76 85 84 82 93 90 85 115 117 154 169 113 Average Rating 56 | 6 7 10 17 19 25 26 29 34 34 46 46 46 61 74 81 81 79 89 88 84 93 109 133 150 41 On Entrance 53 | . 7 9 14 19 19 26 29 29 22 46 46 47 48 76 76 84 82 75 90 84 85 115 109 128 18 Avg Prop Armor Cover (%) 9 | . . . . . 2 . 4 11 17 . . 5 9 6 5 5 5 . . . . . . . 20 Naked Turns 68 | . . . . . . . . . . . . . . . . . . . . . . . . . 68 Heaviest Build 117 | 14 31 33 46 39 44 44 42 51 48 44 40 47 60 61 57 60 57 76 80 75 88 84 115 117 60 Greatest Support 120 | 40 40 40 40 40 80 80 80 50 80 80 78 84 84 74 58 58 94 94 94 89 116 116 115 120 40 Greatest Overweight (x) 5 | . . 1 1 . . . 1 2 4 . . 1 3 1 . 1 . . 1 . 1 . 1 1 5 Average Overweight (x) . | . . . . . . . . . 2 . . . . . . . . . . . . . . . . Largest Inventory Capacity 15 | 8 15 15 15 15 15 15 15 15 15 15 15 15 15 15 15 15 15 15 15 15 15 15 15 15 15 Average Capacity 14 | 7 13 15 15 15 15 15 14 15 15 15 15 15 15 15 15 15 15 15 15 15 15 15 15 15 13 Most Carried 15 | 1 13 15 15 15 15 15 15 15 15 15 15 15 15 15 15 15 15 15 15 15 15 15 15 15 12 Average Carried 14 | . 7 13 14 15 14 14 14 13 12 14 14 15 14 14 14 14 14 14 14 13 14 14 14 14 7 Final Capacity 15 | 8 15 15 15 15 15 15 15 15 15 15 15 15 15 15 15 15 15 15 15 15 15 15 15 15 5 Final Carried 15 | 1 13 15 15 15 15 14 15 14 15 14 15 15 14 15 15 15 15 15 13 15 14 15 15 12 4 Class Distribution -------------------- 34% | Scavenger-Mutant 23% | Scavenger-Skirmisher 14% | Mutant 8% | Scavenger-Assassin 7% | Derelict-Skirmisher 5% | Commander-Assassin 3% | Assassin Dominant Class ---------------- Mutant | -10/Materials Mutant | -10/Mines Scavenger-Mutant | -9/Materials Scavenger-Mutant | -9/Mines Scavenger-Mutant | -8/Materials Scavenger-Mutant | -8/Garrison Scavenger-Mutant | -8/Materials Scavenger-Mutant | -7/Factory Scavenger-Skirmisher | -7/Lower Caves Derelict-Mutant | -7/Lower Caves Derelict-Skirmisher | -7/Zion Scavenger-Skirmisher | -6/Proximity Caves Scavenger-Skirmisher | -6/Factory Assassin | -6/Extension Commander-Assassin | -6/Cetus Commander-Assassin | -6/Archives Commander-Assassin | -6/Hub_04(d) Scavenger-Assassin | -5/Factory Scavenger-Assassin | -5/Upper Caves Scavenger-Skirmisher | -5/Upper Caves Scavenger-Skirmisher | -5/Warlord Scavenger-Skirmisher | -4/Proximity Caves Scavenger-Skirmisher | -4/Factory Scavenger-Skirmisher | -3/Research Scavenger-Mutant | -2/Research Resources | -11 -10 -10 -9 -9 -8 -8 -8 -7 -7 -7 -7 -6 -6 -6 -6 -6 -6 -5 -5 -5 -5 -4 -4 -3 -2 ----------- Run | Yrd Mat Min Mat Min Mat Gar Mat Fac Low Low Zio Pro Fac Ext Cet Arc Hub Fac Upp Upp War Pro Fac Res Res Matter Collected 8922 | 313 242 109 717 23 238 775 514 948 251 321 58 55 427 281 63 125 105 151 183 164 593 355 523 988 400 Remotely 139 | 139 . . . . . . . . . . . . . . . . . . . . . . . . . Salvage Created 14318 | 180 452 77 1245 . 437 899 1360 1921 147 319 . 70 1080 434 28 252 701 379 267 50 945 404 659 1311 701 Parts 721 | 10 25 21 76 . 52 49 71 90 8 16 . 2 34 19 . 17 23 27 12 3 40 15 31 53 27 Haulers Intercepted 25 | . 1 . 4 . 2 . 4 7 . . . . . . . . 3 . . . . 1 . 3 . Recyclers Shooed 8 | . 2 . 1 . 1 . . . . . . . 2 2 . . . . . . . . . . . Parts Field Recycled . | . . . . . . . . . . . . . . . . . . . . . . . . . . Retrieved Matter . | . . . . . . . . . . . . . . . . . . . . . . . . . . Parts Self-Destructed 42 | . . . . . . . . . 6 10 . 5 . . . . . . 11 3 . 7 . . . Prevented 15 | . . . . . . . . . 1 3 . 4 . . . . . . . . . 7 . . . Parts Restored . | . . . . . . . . . . . . . . . . . . . . . . . . . . Kills | -11 -10 -10 -9 -9 -8 -8 -8 -7 -7 -7 -7 -6 -6 -6 -6 -6 -6 -5 -5 -5 -5 -4 -4 -3 -2 ------- Run | Yrd Mat Min Mat Min Mat Gar Mat Fac Low Low Zio Pro Fac Ext Cet Arc Hub Fac Upp Upp War Pro Fac Res Res Combat Hostiles Destroyed 233 | . 10 9 23 . 15 27 23 24 5 7 . 1 11 7 . . 1 7 7 . 23 8 7 11 7 Melee 19 | . . . . . 1 . . 1 . . . . 3 7 . . . 3 1 . . . . . 3 Guns 29 | . 2 1 7 . 3 2 2 2 . . . . . . . . . . . . 2 . 3 5 . Cannons 97 | . 8 . 9 . 7 12 12 10 1 4 . 1 5 . . . 1 4 2 . 11 6 4 . . AOE 77 | . . 8 6 . 4 12 9 11 3 3 . . 3 . . . . . 4 . 10 2 . 2 . Classes Destroyed 24 | 3 5 1 3 . 1 3 1 1 1 . . . . . . . 1 . . . 3 1 . . . Worker 12 | 1 . 1 2 . . . . 3 . . . . . . . . 3 . . . . . . 1 1 Builder 9 | . 1 . 1 . . . 2 1 . . . . . . . . 1 1 . . . . 1 1 . Tunneler 8 | 4 . 2 . . 1 . . . . . . . . . . . . . . . . . . 1 . Hauler 25 | . 1 . 4 . 2 . 4 7 . . . . . . . . 3 . . . . 1 . 3 . Recycler 14 | 1 . . 1 . . . 1 5 . . . . 4 . . . . . . . . . 1 . 1 Minesweeper 3 | . . . . . . . . . 1 1 . . . . . . . . . 1 . . . . . Mechanic 5 | . . . 1 . . . 2 1 . . . . . . . . . . . . . . 1 . . Operator 11 | . 1 . 1 . 1 . . . . . . . . 1 . 7 . . . . . . . . . Drone 2 | . . . . . . . . . . . . . . . . . . . . . . 2 . . . Watcher 11 | . 2 . 3 . . 1 1 1 . . . . 1 . . . 1 . . . . . 1 . . Swarmer 53 | . . 9 4 . 12 8 . 6 3 3 . . . . . . . . 4 . 4 . . . . Saboteur 3 | . . . . . . . . . . . . . . . . . . . . . 3 . . . . Grunt 86 | . 10 . 11 . . 9 13 3 . 1 . 1 7 1 . . . 4 1 . 10 5 . 6 4 Brawler 1 | . . . 1 . . . . . . . . . . . . . . . . . . . . . . Duelist 2 | . . . . . . 1 1 . . . . . . . . . . . . . . . . . . Protector 4 | . . . . . . . . 1 . . . . . . . . . . . . 3 . . . . Sentry 37 | . . . 7 . 2 5 6 3 1 1 . . 2 4 . . 1 1 1 . . . 1 1 1 Demolisher 1 | . . . . . . . . . . . . . . . . . . . . . 1 . . . . Specialist 2 | . . . . . . 1 . 1 . . . . . . . . . . . . . . . . . Hunter 9 | . . . . . 1 . 2 3 . . . . . 1 . . . . . . 2 . . . . Programmer 33 | . . . . . . 3 . 7 1 2 . . 2 1 . . 1 2 1 . . 1 6 4 2 Heavy 1 | . . . . . . . 1 . . . . . . . . . . . . . . . . . . Enhanced Grunt 2 | . . . . . . . . . . . . . . . . . 2 . . . . . . . . Executioner 1 | . . . . . . . . . . . . . . . . . . . . . 1 . . . . Z-Courier 1 | . . . . . . . . . . . . . . . . . . . . . . . . 1 . Decomposer 2 | . . . . . . . . . . . . . . . . . . . 1 1 . . . . . Thug 1 | . . . . . . . . . . . . . . . . . . . . . 1 . . . . Fireman 1 | . . . . . . . . . . . . . . . . . 1 . . . . . . . . Best Kill Streak 9 | 2 3 4 6 . 4 7 9 9 3 3 . 1 5 2 . 3 4 4 3 1 9 3 3 8 4 Combat Bots Only 9 | . 2 3 5 . 4 7 8 6 3 3 . 1 4 2 . . 1 4 3 . 9 3 2 7 4 Max Kills in Single Turn 5 | 1 1 3 3 . 2 3 4 5 2 2 . 1 3 1 1 1 3 1 2 1 3 1 1 2 1 Gunslinging . | . . . . . . . . . . . . . . . . . . . . . . . . . . Exploded 5 | . . 2 3 . 2 3 4 5 2 2 . . 3 . . . . . 2 . 3 1 . 1 . Melee 1 | . . . . . 1 . . 1 . . . . 1 1 . . . 1 1 . . . . . 1 Uniques/NPCs Destroyed 1 | . . . . . . . . . . . . . . . 1 . . . . . . . . . . A7 (-6/Cetus) Combat | -11 -10 -10 -9 -9 -8 -8 -8 -7 -7 -7 -7 -6 -6 -6 -6 -6 -6 -5 -5 -5 -5 -4 -4 -3 -2 -------- Run | Yrd Mat Min Mat Min Mat Gar Mat Fac Low Low Zio Pro Fac Ext Cet Arc Hub Fac Upp Upp War Pro Fac Res Res Hostile Shots Fired 2142 | . 36 16 85 . 67 110 137 339 54 82 . . 61 244 2 8 28 44 25 . 182 64 78 333 147 Missed 736 | . 8 6 27 . 23 29 41 118 21 31 . . 18 99 . 2 10 11 11 . 70 14 20 128 49 Hits 1406 | . 28 10 58 . 44 81 96 221 33 51 . . 43 145 2 6 18 33 14 . 112 50 58 205 98 Melee 21 | . . . . . . 2 . . 2 . . . . . . . . . . . . . . . 17 Projectile 1385 | . 28 10 58 . 44 79 96 221 31 51 . . 43 145 2 6 18 33 14 . 112 50 58 205 81 AOE 6 | . . . . . . . . . . . . . . . . . . . . . 3 . 1 . 2 Critical Strikes 66 | . 1 . 1 . . 4 7 7 . 1 . . . 3 1 1 . 2 . . 9 3 1 12 13 Actively Blocked 15 | . . . . . . . 1 . . . . . . . . . . . . . . . . 10 4 Part Disruptions 5 | . . . . . . . . 1 . . . . . . . . . 1 . . . . 2 1 . Damage Taken 23989 | . 406 221 866 . 445 1242 1884 2752 400 607 . 42 868 1663 35 184 807 655 249 . 1937 1047 908 4069 2702 Core 3913 | . 72 56 129 . 65 132 240 377 92 101 . . 157 234 . 20 104 21 13 . 220 46 57 313 1464 Absorbed by Shields 3048 | . . . . . . . . . . . . . . 219 34 . . . 48 . 901 . 696 1059 91 Regen/Repaired (Parts) 2462 | . . . 205 . . . 108 82 . . . . . . 57 207 92 546 15 . 374 279 237 260 . Core Remaining (%) 59 | 100 . 48 . 67 . . 20 . . . . 18 . . . . 39 . . . . 70 95 75 . Volleys Fired 777 | 33 41 13 86 . 37 100 74 70 20 14 1 4 18 7 2 4 25 11 10 2 73 23 43 59 7 Largest 2 | 2 2 2 2 . 2 2 2 2 2 2 2 2 2 2 1 1 1 2 2 2 2 2 2 2 1 Hottest 160 | 70 80 80 91 . 93 136 136 150 150 150 150 150 150 120 40 90 80 160 160 160 160 120 118 76 49 Shots Fired 1368 | 66 81 21 166 . 67 167 142 129 26 20 2 8 35 11 4 4 27 17 14 5 130 28 88 103 7 Gun 542 | 66 46 11 107 . 30 33 21 72 . . . . 2 4 . . . . . . 6 4 46 93 1 Cannon 722 | . 35 4 53 . 30 116 114 47 17 14 2 8 32 7 4 4 27 17 10 5 111 17 42 6 . Launcher 104 | . . 6 6 . 7 18 7 10 9 6 . . 1 . . . . . 4 . 13 7 . 4 6 Special . | . . . . . . . . . . . . . . . . . . . . . . . . . . Kinetic 431 | 33 40 7 80 . 30 33 13 36 . . . . 2 1 . . . . . . 6 4 46 99 1 Thermal 813 | 33 41 8 80 . 30 116 122 83 17 14 2 8 32 5 2 4 27 17 10 5 110 5 42 . . Explosive 83 | . . 6 6 . 7 18 7 5 9 . . . 1 . . . . . 4 . 13 7 . . . Electromagnetic 41 | . . . . . . . . 5 . 6 . . . 5 2 . . . . . 1 12 . 4 6 Robot Hit Streak 18 | 8 8 3 14 . 9 11 11 16 13 12 . 2 18 3 . 2 4 4 2 5 10 11 13 8 5 Robot Miss Streak 6 | 4 3 3 4 . 5 2 4 3 1 2 . 2 1 2 4 1 3 1 1 . 3 2 4 6 2 Penetration Max 1 | . . . . . . . . . . . . . . . . . . . . . . . 1 1 . Secondary Targets . | . . . . . . . . . . . . . . . . . . . . . . . . . . Shots Hit Robots 945 | 30 54 10 107 . 34 97 92 110 17 10 . 4 38 30 14 13 16 19 10 3 97 15 40 64 21 Core Hits 574 | 10 21 17 45 . 21 50 62 66 8 11 . 1 26 12 4 5 21 14 10 3 88 17 19 35 8 Critical Kills 9 | . . . 1 . . 2 2 1 . . . . . . . . . . . . 1 . . 2 . Critical Parts Destroyed . | . . . . . . . . . . . . . . . . . . . . . . . . . . Critical Strikes 39 | 4 5 . 2 . . 2 3 6 . . . . 1 6 2 . 1 . . . 1 . . 3 3 Burn 13 | 4 2 . 1 . . . 1 5 . . . . . . . . . . . . . . . . . Meltdown 4 | . . . 1 . . 2 1 . . . . . . . . . . . . . . . . . . Destroy 6 | . . . . . . . 1 1 . . . . . . . . . . . . 1 . . 3 . Blast 3 | . 3 . . . . . . . . . . . . . . . . . . . . . . . . Sever 13 | . . . . . . . . . . . . . 1 6 2 . 1 . . . . . . . 3 Melee Attacks 198 | . 1 . . . . 19 3 34 . . . . 20 33 14 11 10 23 5 . 1 . . 4 20 Impact 1 | . 1 . . . . . . . . . . . . . . . . . . . . . . . . Slashing 177 | . . . . . . . 3 34 . . . . 20 33 14 11 10 23 5 . . . . 4 20 Piercing . | . . . . . . . . . . . . . . . . . . . . . . . . . . Entropic 1 | . . . . . . . . . . . . . . . . . . . . . 1 . . . . Sneak Attacks 67 | . . . . . . 19 . 9 . . . . 4 4 14 8 3 1 1 . . . . 1 3 Combat Hostiles . | . . . . . . . . . . . . . . . . . . . . . . . . . . Follow-up Attacks . | . . . . . . . . . . . . . . . . . . . . . . . . . . Damage Inflicted 39663 | 267 827 602 2468 4 1026 2740 3215 5019 877 478 . 125 1962 1670 1150 1316 1565 1192 647 78 4876 1111 1403 3153 1892 Guns 6082 | 267 350 49 958 . 219 281 240 926 . . . . . 70 . . . . . . 160 62 573 1927 . Cannons 11825 | . 466 23 936 . 373 1152 1628 1033 381 274 . 125 662 33 55 96 319 207 88 78 2133 567 735 461 . Explosions 13147 | . . 511 556 . 422 1294 1321 1977 496 204 . . 491 . . . 798 313 303 . 2583 482 . 621 775 Melee 8319 | . . . . . . . . 1025 . . . . 804 1567 1095 1220 448 672 256 . . . . 115 1117 Ramming 290 | . 11 19 18 4 12 13 26 58 . . . . 5 . . . . . . . . . 95 29 . Kinetic 5595 | 103 490 36 742 . 219 281 136 390 . . . . . 15 . . . . . . 160 62 573 2388 . Thermal 13094 | 164 326 36 1152 . 373 1152 1779 2298 381 362 . 125 739 88 55 96 319 520 88 78 2133 95 735 . . Explosive 8890 | . . 511 556 . 422 1294 1238 591 496 . . . 414 . . . . . 303 . 2583 482 . . . Electromagnetic 3475 | . . . . . . . 36 657 . 116 . . . . . . 798 . . . . 472 . 621 775 Impact . | . . . . . . . . . . . . . . . . . . . . . . . . . . Slashing 8319 | . . . . . . . . 1025 . . . . 804 1567 1095 1220 448 672 256 . . . . 115 1117 Piercing . | . . . . . . . . . . . . . . . . . . . . . . . . . . Highest Corruption 71 | . . 1 . . . . 6 2 2 2 2 . 3 5 15 15 32 3 5 5 5 10 8 71 5 Average Corruption 4 | . . 1 . . . . 5 1 1 1 2 . 2 3 13 10 6 2 3 5 5 4 6 10 3 Corruption Purged 27 | . . . . . . . . . 2 . . . . . . 15 . . . . . 10 . . . Corruption Blocked . | . . . . . . . . . . . . . . . . . . . . . . . . . . Effects 196 | . . 4 . . . . 9 9 1 5 1 . 11 20 15 6 5 9 18 14 1 9 35 20 4 Message Errors 45 | . . . . . . . 3 1 1 3 . . 2 4 5 . . 2 6 3 1 2 7 5 . Matter Fused 48 | . . 1 . . . . . 3 . 1 . . 2 2 3 2 1 4 3 5 . 2 13 5 1 Heat Flow Errors 24 | . . . . . . . 1 1 . . 1 . 5 6 1 . . . 1 . . 2 2 3 1 Energy Discharges 16 | . . . . . . . . . . . . . . 1 1 . 2 2 5 3 . . 2 . . Parts Fused 2 | . . . . . . . . . . . . . . . . . . . . 1 . . 1 . . Data Loss (minor) 26 | . . 2 . . . . 2 2 . . . . 1 3 2 2 . . 3 . . 2 5 . 2 Data Loss (major) 7 | . . . . . . . . . . . . . . 1 1 . . 1 . . . 1 1 2 . Misfires 17 | . . . . . . . 2 1 . . . . 1 3 2 1 2 . . 1 . . 3 1 . Alerts 6 | . . 1 . . . . . 1 . 1 . . . . . . . . . 1 . . 1 1 . Misdirections 3 | . . . . . . . . . . . . . . . . . . . . . . . . 3 . Weapon Failures 2 | . . . . . . . 1 . . . . . . . . 1 . . . . . . . . . Overload Shots 4 | . . . . . . . . . . . . . . 1 . . . . . . 1 2 . . . Overflow Damage 2350 | . . 18 80 . 85 51 45 255 28 . . . 194 237 125 603 134 73 149 . 21 . 25 . 227 Projectiles 107 | . . . 25 . 5 12 5 37 5 . . . . 8 . . . . . . . . 10 . . Explosions 544 | . . 18 55 . 80 39 40 22 23 . . . . . . . 124 49 52 . 21 . . . 21 Melee 1699 | . . . . . . . . 196 . . . . 194 229 125 603 10 24 97 . . . 15 . 206 Knockbacks 11 | . 7 . . 1 . . . . . . . . . . . . . . . . . . 1 2 . Impact 2 | . . . . 1 . . . . . . . . . . . . . . . . . . . 1 . Kinetic 7 | . 7 . . . . . . . . . . . . . . . . . . . . . . . . Secondary 2 | . . . . . . . . . . . . . . . . . . . . . . . 1 1 . Self-Inflicted Damage 1034 | . . 82 88 . . 71 133 39 132 28 . . 81 . . . 286 . 4 . 40 50 . . . Shots 30 | . . 3 3 . . 2 6 1 3 3 . . 2 . . . 3 . 1 . 1 2 . . . Rammed 16 | . 1 5 1 1 1 4 2 . . . . . 1 . . . . . . . . . . . . Targets Rammed 31 | . 2 5 1 1 2 4 4 8 . . . . 1 . . . . . . . . . 2 1 . Kicked 13 | . . . . . . . 2 8 . . . . . . . . . . . . . . 2 1 . Crushed 2 | . 1 . . . 1 . . . . . . . . . . . . . . . . . . . . Highest Temperature 437 | 230 159 70 284 . 200 426 437 246 127 115 186 54 180 250 85 150 172 271 131 45 363 188 169 257 240 Average Temperature 85 | 90 53 32 67 . 77 81 128 62 72 44 72 24 66 81 34 68 50 108 38 22 152 41 52 110 142 Received Heat Transfer 3750 | . 207 . 321 . 63 450 621 384 66 117 . . 156 483 . . 81 189 12 . 147 196 29 93 135 Effects 16 | . . . 1 . . 1 9 . . . . . . . . . . 2 . . 3 . . . . Shutdowns 1 | . . . . . . 1 . . . . . . . . . . . . . . . . . . . Energy Bleed 2 | . . . . . . . 2 . . . . . . . . . . . . . . . . . . Interference 12 | . . . 1 . . . 7 . . . . . . . . . . 2 . . 2 . . . . Matter Decay 1 | . . . . . . . . . . . . . . . . . . . . . 1 . . . . Siege Activations . | . . . . . . . . . . . . . . . . . . . . . . . . . . Martial Activations . | . . . . . . . . . . . . . . . . . . . . . . . . . . Shielding Activations . | . . . . . . . . . . . . . . . . . . . . . . . . . . Robots Disrupted . | . . . . . . . . . . . . . . . . . . . . . . . . . . Combat Hostiles . | . . . . . . . . . . . . . . . . . . . . . . . . . . Robots Corrupted 13 | . . . . . . . . 1 . . . . . . . . 3 . . . . . 1 4 4 Combat Hostiles 8 | . . . . . . . . . . . . . . . . . . . . . . . . 4 4 Parts Fried 36 | . . . . . . . . 8 . . . . . . . . 6 . . . . 6 3 6 7 Impact Corruptions 3 | . . . . . . . . . . . . . . . . . . . . . . . 3 . . Robots Melted 5 | . . . 1 . . 2 1 . 1 . . . . . . . . . . . . . . . . Combat Hostiles 3 | . . . 1 . . 1 . . 1 . . . . . . . . . . . . . . . . Parts Melted 41 | 2 1 . 4 . . 4 6 9 1 . . . 3 . . . . . . 2 5 1 2 1 . Heat Transferred 22632 | 777 1110 74 2220 . 666 2072 3269 3550 555 470 . 185 1012 86 50 150 600 650 150 150 3436 150 1250 . . Parts Sabotaged . | . . . . . . . . . . . . . . . . . . . . . . . . . . Parts Stolen 2 | . . . . . . . . . 2 . . . . . . . . . . . . . . . . Parts Stripped . | . . . . . . . . . . . . . . . . . . . . . . . . . . Power Chain Reactions 8 | . . . . . . . 1 5 . 1 . . . . . . . . . . . . . 1 . Alert | -11 -10 -10 -9 -9 -8 -8 -8 -7 -7 -7 -7 -6 -6 -6 -6 -6 -6 -5 -5 -5 -5 -4 -4 -3 -2 ------- Run | Yrd Mat Min Mat Min Mat Gar Mat Fac Low Low Zio Pro Fac Ext Cet Arc Hub Fac Upp Upp War Pro Fac Res Res Maximum Alert Level 5 | . . . 1 . 1 5 3 2 . . . . . 2 2 1 3 2 . . . . 1 2 1 Low Security (%) 57 | 100 100 100 74 100 80 4 . 25 . . . . 100 47 . 26 75 . . . . . 97 42 99 Level 1 15 | . . . 25 . 19 15 . 38 . . . . . 33 37 73 18 . . . . . 2 23 . Level 2 17 | . . . . . . 8 50 36 . . . . . 18 62 . 1 100 . . . . . 34 . Level 3 6 | . . . . . . 35 49 . . . . . . . . . 5 . . . . . . . . Level 4 2 | . . . . . . 33 . . . . . . . . . . . . . . . . . . . Level 5 . | . . . . . . 1 . . . . . . . . . . . . . . . . . . . High Security . | . . . . . . . . . . . . . . . . . . . . . . . . . . Max Security . | . . . . . . . . . . . . . . . . . . . . . . . . . . Peak Influence 1604 | 10 155 130 288 106 252 1604 937 584 . . . . 199 690 515 300 1094 690 . . . . 221 523 201 Initial 781 | . 3 4 . 106 . 159 781 415 . . . . . 76 382 134 51 525 . . . . . 30 141 Average 280 | 1 57 39 127 7 125 917 739 334 . . . . 84 236 423 234 190 538 . . . . 97 261 130 Influence Increases 12849 | 30 341 310 884 . 534 1555 764 1080 125 180 . 210 575 1220 143 246 1535 386 175 5 644 160 540 859 348 Destroy 0b10 Robot/C 5980 | . 200 180 460 . 300 720 460 460 100 140 . 140 300 580 80 80 240 140 140 . 420 120 140 440 140 Destroy 0b10 Robot/NC 570 | 30 25 15 65 . 20 10 50 95 5 5 . . 25 25 5 35 60 5 . 5 15 15 20 30 10 Destroy Leader 1170 | . 46 30 144 . 64 40 150 136 20 20 . 20 72 104 . . 86 30 20 . . 10 42 106 30 Allied During Kill 1051 | . . . . . . 13 . . . . . 50 41 246 46 115 367 . . . 59 . . 114 . Trap Triggered on 0b10 20 | . . . . . . . . . . . . . 10 . . . . . . . . . 10 . . Successful Hack 326 | . 24 . 47 . . 7 8 89 . . . . . . . . . 64 . . . . 87 . . Disable Machine 1050 | . 45 45 90 . 30 30 60 45 . . . . 90 120 . 15 240 75 . . . . 105 45 15 Anti-Garrison Action 800 | . . . . . . 500 . 150 . . . . . . . . 150 . . . . . . . . Destroy Structure 1057 | . 1 40 48 . 45 115 36 45 . . . . 37 40 12 1 362 72 . . . . 106 94 3 Partial Spotted 60 | . . . 15 . . 15 . . . . . . . . . . 15 . . . . . . 15 . Lose Combat Pursuer 765 | . . . 15 . 75 105 . 60 . 15 . . . 105 . . 15 . 15 . 150 15 30 15 150 Influence Decreases 12724 | 25 333 323 611 273 288 197 1455 1456 662 180 . 210 419 692 492 433 609 989 567 84 252 552 482 664 476 Entered New Map 3738 | . 2 9 . 167 . 87 823 498 200 . . . . 80 302 201 97 549 175 16 . 392 . 28 112 Time Decay 7119 | 25 331 304 464 106 288 . 522 658 412 170 . 160 309 422 190 222 342 440 362 68 162 140 452 356 214 Lost Part 980 | . . 10 10 . . 30 110 150 50 10 . 10 10 10 . 10 30 . 30 . 50 20 30 260 150 Lost Ally 600 | . . . . . . 80 . . . . . 40 100 180 . . 140 . . . 40 . . 20 . Purge Threat 287 | . . . 137 . . . . 150 . . . . . . . . . . . . . . . . . Squads Dispatched 55 | . 1 . 2 . 2 . 4 11 . . . . 5 3 . . 9 5 . . . . 4 3 6 Investigation 5 | . . . 1 . . . 1 . . . . . . 1 . . . 2 . . . . . . . Extermination 21 | . . . . . . . . 5 . . . . 3 . . . 2 2 . . . . 4 3 2 Reinforcement 18 | . 1 . 1 . 1 . 2 1 . . . . 2 2 . . 5 . . . . . . . 3 Assault 7 | . . . . . . . 1 3 . . . . . . . . 2 1 . . . . . . . Garrison 4 | . . . . . 1 . . 2 . . . . . . . . . . . . . . . . 1 Intercept . | . . . . . . . . . . . . . . . . . . . . . . . . . . Searches Triggered . | . . . . . . . . . . . . . . . . . . . . . . . . . . Unchained Authorized 2 | . . . . . . . . . . . . . . . . . . . . . . . 1 1 . Construction Impeded 6 | . . . . . 1 . 1 . . . . . 1 . . . 1 . . . . . . . 2 Haulers Reinforced . | . . . . . . . . . . . . . . . . . . . . . . . . . . Active Scanning Responses . | . . . . . . . . . . . . . . . . . . . . . . . . . . Cargo Convoy Interrupts 3 | . . . . . . . . 1 . . . . 1 . . . . . . . . . 1 . . Stealth | -11 -10 -10 -9 -9 -8 -8 -8 -7 -7 -7 -7 -6 -6 -6 -6 -6 -6 -5 -5 -5 -5 -4 -4 -3 -2 --------- Run | Yrd Mat Min Mat Min Mat Gar Mat Fac Low Low Zio Pro Fac Ext Cet Arc Hub Fac Upp Upp War Pro Fac Res Res Distress Signals 18 | . 2 . 2 . 1 . 3 2 . . . . . . 1 . 2 . . . 4 . . . 1 Communications Jammed 201 | . . . . . . . . 9 . . . . 2 47 . . 129 1 . . 8 . 1 1 3 Distress Signals 196 | . . . . . . . . 8 . . . . . 47 . . 129 . . . 8 . . 1 3 Times Spotted 517 | . 21 9 39 . 28 30 38 45 7 10 . 8 17 33 5 7 25 7 9 . 111 7 15 28 18 Peak Tracking Total 17 | . 4 3 6 . 5 6 10 10 3 4 . 4 3 4 5 2 14 4 4 . 17 5 4 7 10 Tactical Retreats 29 | . . . 1 . 3 4 . 2 . 1 . . . 4 . . 1 . 1 . 2 1 2 3 4 ECM-based Alert Blocks 3 | . . . . . . . . . . . . . . . . . . . . . . . . 3 . Traps | -11 -10 -10 -9 -9 -8 -8 -8 -7 -7 -7 -7 -6 -6 -6 -6 -6 -6 -5 -5 -5 -5 -4 -4 -3 -2 ------- Run | Yrd Mat Min Mat Min Mat Gar Mat Fac Low Low Zio Pro Fac Ext Cet Arc Hub Fac Upp Upp War Pro Fac Res Res Traps Triggered 15 | . 2 3 . . . . 1 1 . . . . 1 . . . 3 . . . . . . 3 1 Indirectly 2 | . . . . . . . . . . . . . . . . . 2 . . . . . . . . Trap Hack Attempts 41 | . . . 10 . 31 . . . . . . . . . . . . . . . . . . . . Triggered . | . . . . . . . . . . . . . . . . . . . . . . . . . . Disarmed 1 | . . . 1 . . . . . . . . . . . . . . . . . . . . . . Reprogrammed 5 | . . . . . 5 . . . . . . . . . . . . . . . . . . . . Reused 2 | . . . . . . . . . . . . . 1 . . . . . . . . . 1 . . Traps Extracted 14 | . . . . . 5 . . . 4 5 . . . . . . . . . . . . . . . Installed 26 | . . . . . . . . . 5 11 . . 6 . . . . . . . . . 4 . . Triggered 2 | . . . . . . . . . . . . . 1 . . . . . . . . . 1 . . Most Traps Carried 6 | . . . . . 5 5 5 5 5 6 6 6 6 . . . . . . 4 4 4 4 . . Machines | -11 -10 -10 -9 -9 -8 -8 -8 -7 -7 -7 -7 -6 -6 -6 -6 -6 -6 -5 -5 -5 -5 -4 -4 -3 -2 ---------- Run | Yrd Mat Min Mat Min Mat Gar Mat Fac Low Low Zio Pro Fac Ext Cet Arc Hub Fac Upp Upp War Pro Fac Res Res Machines Disabled 90 | . 3 3 6 . 2 14 4 4 2 . . . 6 8 . 1 17 5 1 . 3 . 7 3 1 Max in Single Turn 8 | . 1 2 2 . 1 2 1 1 2 . . . 2 1 . 1 8 2 1 . 1 . 4 1 1 Garrison Access 3 | . . . . . . . . 1 . . . . . . . . 1 1 . . . . . . . Garrison Relay 5 | . . . . . . 5 . . . . . . . . . . . . . . . . . . . Phase Generator 1 | . . . . . . 1 . . . . . . . . . . . . . . . . . . . Network Hub 3 | . . . . . . . . . . . . . . . . . 3 . . . . . . . . Energy Cycler 1 | . . . . . . . . . . . . . . 1 . . . . . . . . . . . Machines Repaired . | . . . . . . . . . . . . . . . . . . . . . . . . . . Machines Dismantled . | . . . . . . . . . . . . . . . . . . . . . . . . . . Machines Sabotaged . | . . . . . . . . . . . . . . . . . . . . . . . . . . Overloaded Fab Kills . | . . . . . . . . . . . . . . . . . . . . . . . . . . Hacking | -11 -10 -10 -9 -9 -8 -8 -8 -7 -7 -7 -7 -6 -6 -6 -6 -6 -6 -5 -5 -5 -5 -4 -4 -3 -2 --------- Run | Yrd Mat Min Mat Min Mat Gar Mat Fac Low Low Zio Pro Fac Ext Cet Arc Hub Fac Upp Upp War Pro Fac Res Res Machines Accessed 67 | . 4 1 11 . 5 3 8 12 1 . . . 2 4 1 . . 7 . . 2 . 3 2 1 Terminals 33 | . 4 . 7 . 3 3 5 6 . . . . . 4 1 . . . . . . . . . . Fabricators 4 | . . . . . . . . . . . . . . . . . . 3 . . . . 1 . . Repair Stations 10 | . . . 2 . . . 1 3 . . . . . . . . . 1 . . . . 1 1 1 Recycling Units 1 | . . . . . . . . . . . . . 1 . . . . . . . . . . . . Scanalyzers 9 | . . . 2 . 1 . 2 2 . . . . . . . . . 2 . . . . . . . Garrison Access 6 | . . . . . 1 . . 1 . . . . 1 . . . . 1 . . . . 1 1 . Total Hacks 210 | . 13 1 41 . 10 5 32 41 1 . . . 3 10 1 . . 29 . . 5 . 13 3 2 Successful 118 | . 6 1 34 . 9 1 16 22 1 . . . . . . . . 18 . . 5 . 5 . . Failed 91 | . 7 . 7 . 1 4 16 19 . . . . 3 10 1 . . 10 . . . . 8 3 2 Catastrophic 20 | . 2 . 2 . . 1 3 3 . . . . 1 1 . . . 1 . . . . 3 2 1 Database Lockouts 1 | . . . . . . . . . . . . . . . . . . 1 . . . . . . . Manual 148 | . 12 . 17 . 7 1 6 8 . . . . 22 16 2 . 19 2 . . 1 . 12 23 . Terminals 91 | . 13 . 24 . 7 5 15 16 . . . . . 10 1 . . . . . . . . . . Fabricators 16 | . . . . . . . . . . . . . . . . . . 11 . . . . 5 . . Repair Stations 39 | . . . 9 . . . 5 10 . . . . . . . . . 5 . . . . 7 1 2 Recycling Units 1 | . . . . . . . . . . . . . 1 . . . . . . . . . . . . Scanalyzers 46 | . . . 8 . 2 . 12 14 . . . . . . . . . 10 . . . . . . . Garrison Access 10 | . . . . . 1 . . 1 . . . . 2 . . . . 3 . . . . 1 2 . Terminal Hacks 23 | . . 1 9 . . 1 1 5 1 . . . . . . . . . . . 5 . . . . Part Schematic 1 | . . . 1 . . . . . . . . . . . . . . . . . . . . . . Robot Analysis 1 | . . . . . . . . 1 . . . . . . . . . . . . . . . . . Prototype ID Bank 8 | . . . 4 . . . . . . . . . . . . . . . . . 4 . . . . Open Door 4 | . . 1 . . . 1 . . 1 . . . . . . . . . . . 1 . . . . Branch Access Points 2 | . . . 1 . . . . 1 . . . . . . . . . . . . . . . . . Alert Level 2 | . . . 1 . . . . 1 . . . . . . . . . . . . . . . . . Unreport Threat 2 | . . . 1 . . . . 1 . . . . . . . . . . . . . . . . . Locate Traps 1 | . . . 1 . . . . . . . . . . . . . . . . . . . . . . Hauler Manifests 1 | . . . . . . . . 1 . . . . . . . . . . . . . . . . . Zone Layout 1 | . . . . . . . 1 . . . . . . . . . . . . . . . . . . Fabricator Hacks 6 | . . . . . . . . . . . . . . . . . . 5 . . . . 1 . . Network Status 2 | . . . . . . . . . . . . . . . . . . 1 . . . . 1 . . Load Schematic 3 | . . . . . . . . . . . . . . . . . . 3 . . . . . . . Build 1 | . . . . . . . . . . . . . . . . . . 1 . . . . . . . Repair Station Hacks 22 | . . . 8 . . . 2 5 . . . . . . . . . 4 . . . . 3 . . Scan Component 13 | . . . 4 . . . 1 4 . . . . . . . . . 2 . . . . 2 . . Repair 9 | . . . 4 . . . 1 1 . . . . . . . . . 2 . . . . 1 . . Recycling Unit Hacks . | . . . . . . . . . . . . . . . . . . . . . . . . . . Scanalyzer 36 | . . . 8 . 2 . 11 9 . . . . . . . . . 6 . . . . . . . Insert Component 9 | . . . 1 . 1 . 3 2 . . . . . . . . . 2 . . . . . . . Analyze 10 | . . . 1 . 1 . 4 3 . . . . . . . . . 1 . . . . . . . Retrieve Study 17 | . . . 6 . . . 4 4 . . . . . . . . . 3 . . . . . . . Garrison Access Hacks 2 | . . . . . 1 . . . . . . . . . . . . 1 . . . . . . . Unlock Access 1 | . . . . . 1 . . . . . . . . . . . . . . . . . . . . Seal Access 1 | . . . . . . . . . . . . . . . . . . 1 . . . . . . . Unauthorized Hacks 29 | . 6 . 9 . 6 . 2 3 . . . . . . . . . 2 . . . . 1 . . Terminals 25 | . 6 . 9 . 6 . 1 3 . . . . . . . . . . . . . . . . . Botnet 11 | . 2 . 3 . 2 . 1 3 . . . . . . . . . . . . . . . . . Operators 3 | . 1 . 1 . 1 . . . . . . . . . . . . . . . . . . . . Skim 11 | . 3 . 5 . 3 . . . . . . . . . . . . . . . . . . . . Fabricators 3 | . . . . . . . . . . . . . . . . . . 2 . . . . 1 . . Liberate 3 | . . . . . . . . . . . . . . . . . . 2 . . . . 1 . . Repair Stations 1 | . . . . . . . 1 . . . . . . . . . . . . . . . . . . Mechanics 1 | . . . . . . . 1 . . . . . . . . . . . . . . . . . . Recycling Units . | . . . . . . . . . . . . . . . . . . . . . . . . . . Scanalyzers . | . . . . . . . . . . . . . . . . . . . . . . . . . . Garrison Access . | . . . . . . . . . . . . . . . . . . . . . . . . . . Data Cores Recovered . | . . . . . . . . . . . . . . . . . . . . . . . . . . Used . | . . . . . . . . . . . . . . . . . . . . . . . . . . Hacking Detections 54 | . 4 . 10 . 4 3 6 11 . . . . 2 4 1 . . 3 . . . . 3 2 1 Full Trace Events 2 | . . . . . . . . . . . . . . 1 . . . 1 . . . . . . . Feedback Events . | . . . . . . . . . . . . . . . . . . . . . . . . . . Feedback Blocked . | . . . . . . . . . . . . . . . . . . . . . . . . . . Robot Schematics Acquired 9 | . . . . . . . . . . . 4 . . . . . . . . . . . . 5 . Robots Built . | . . . . . . . . . . . . . . . . . . . . . . . . . . Authchips . | . . . . . . . . . . . . . . . . . . . . . . . . . . Time . | . . . . . . . . . . . . . . . . . . . . . . . . . . Total Robot Build Rating . | . . . . . . . . . . . . . . . . . . . . . . . . . . Part Schematics Acquired 35 | . . . 2 . 1 . 3 2 . . 14 . 12 . . . . 1 . . . . . . . Parts Built 2 | . . . . . . . . . . . . . . . . . . 2 . . . . . . . Authchips . | . . . . . . . . . . . . . . . . . . . . . . . . . . Time 73 | . . . . . . . . . . . . . . . . . . 73 . . . . . . . Total Part Build Rating 6 | . . . . . . . . . . . . . . . . . . 6 . . . . . . . Part Studies Acquired 17 | . . . 6 . . . 4 4 . . . . . . . . . 3 . . . . . . . Parts Repaired 9 | . . . 4 . . . 1 1 . . . . . . . . . 2 . . . . 1 . . Time 343 | . . . 141 . . . 26 13 . . . . . . . . . 118 . . . . 45 . . Parts Recycled . | . . . . . . . . . . . . . . . . . . . . . . . . . . Recycled Matter . | . . . . . . . . . . . . . . . . . . . . . . . . . . Retrieved Matter . | . . . . . . . . . . . . . . . . . . . . . . . . . . Retrieved Components . | . . . . . . . . . . . . . . . . . . . . . . . . . . Parts Scanalyzed 8 | . . . 1 . 1 . 3 2 . . . . . . . . . 1 . . . . . . . Part Schematics Acquired 8 | . . . 1 . 1 . 3 2 . . . . . . . . . 1 . . . . . . . Parts Damaged 2 | . . . . . . . 1 . . . . . . . . . . 1 . . . . . . . Bothacking | -11 -10 -10 -9 -9 -8 -8 -8 -7 -7 -7 -7 -6 -6 -6 -6 -6 -6 -5 -5 -5 -5 -4 -4 -3 -2 ------------ Run | Yrd Mat Min Mat Min Mat Gar Mat Fac Low Low Zio Pro Fac Ext Cet Arc Hub Fac Upp Upp War Pro Fac Res Res Used RIF Installer . | . . . . . . . . . . . . . . . . . . . . . . . . . . Robots Hacked . | . . . . . . . . . . . . . . . . . . . . . . . . . . Non-combat . | . . . . . . . . . . . . . . . . . . . . . . . . . . Combat . | . . . . . . . . . . . . . . . . . . . . . . . . . . Robot Hacks Applied . | . . . . . . . . . . . . . . . . . . . . . . . . . . Relay Couplers Released 23 | . . . . . . 21 . 1 . . . . . . . . 1 . . . . . . . . Machine Destruction 23 | . . . . . . 21 . 1 . . . . . . . . 1 . . . . . . . . Fabnet Peak Effective % . | . . . . . . . . . . . . . . . . . . . . . . . . . . Robots Rewired 22 | . . . . . . 5 . . . . . . . 11 . . 1 . . . 5 . . . . Allies Hacked 1 | . . . . . . . . . . . . . . . . . . . . . . . . 1 . Hacks Repelled . | . . . . . . . . . . . . . . . . . . . . . . . . . . Allies | -11 -10 -10 -9 -9 -8 -8 -8 -7 -7 -7 -7 -6 -6 -6 -6 -6 -6 -5 -5 -5 -5 -4 -4 -3 -2 -------- Run | Yrd Mat Min Mat Min Mat Gar Mat Fac Low Low Zio Pro Fac Ext Cet Arc Hub Fac Upp Upp War Pro Fac Res Res Total Allies 52 | . . . . 1 . 5 . . . 1 4 . 3 22 7 . 2 . . . 5 . . 2 . Largest Group 14 | . . . . 1 . 3 . . . 1 4 4 5 13 13 12 14 . . . 5 . . 2 . Highest-Rated Group 976 | . . . . 31 . 87 . . . 146 157 157 286 519 973 821 976 . . . 256 . . 298 . Highest-Rated Ally 269 | . . . . 31 . 31 . . . 146 41 41 70 159 152 96 127 . . . 64 . . 269 . Zionite Dispatches 6 | . . . . . . . . . . . . . 1 2 . . 1 . . . . . . 2 . Light 1 | . . . . . . . . . . . . . 1 . . . . . . . . . . . . Fire 1 | . . . . . . . . . . . . . . 1 . . . . . . . . . . . Experimental 1 | . . . . . . . . . . . . . . . . . . . . . . . . 1 . Hero 1 | . . . . . . . . . . . . . . . . . 1 . . . . . . . . Thermal Resupply 1 | . . . . . . . . . . . . . . 1 . . . . . . . . . . . Infowar Resupply 1 | . . . . . . . . . . . . . . . . . . . . . . . . 1 . Initial Warlord ECA Mod 12 | . . . . . . . 12 11 11 11 11 . . . . . . . . . . . . . . Total Orders 9 | . . . . . . 4 . . . . . . 2 1 . . 1 . . . . . . 1 . STAY 1 | . . . . . . . . . . . . . . . . . 1 . . . . . . . . ROAM 2 | . . . . . . 2 . . . . . . . . . . . . . . . . . . . AID 2 | . . . . . . 2 . . . . . . . . . . . . . . . . . . . DROP 2 | . . . . . . . . . . . . . . 1 . . . . . . . . . 1 . EXPLORE 1 | . . . . . . . . . . . . . 1 . . . . . . . . . . . . RETURN 1 | . . . . . . . . . . . . . 1 . . . . . . . . . . . . Ally Attacks 437 | . . . . . . 31 . . . . . 26 35 146 20 20 93 . . . 41 . . 25 . Total Damage 14954 | . . . . . . 527 . . . . . 402 796 4255 673 749 2950 . . . 1242 . . 3360 . Kills 90 | . . . . . . 9 . . . . . 6 4 32 5 4 17 . . . 2 . . 11 . Allies Corrupted 8 | . . . . . . . . . . . . . . . . . 7 . . . . . . 1 . Allies Melted 3 | . . . . . . 1 . . . . . . . 1 . . . . . . 1 . . . . Intel | -11 -10 -10 -9 -9 -8 -8 -8 -7 -7 -7 -7 -6 -6 -6 -6 -6 -6 -5 -5 -5 -5 -4 -4 -3 -2 ------- Run | Yrd Mat Min Mat Min Mat Gar Mat Fac Low Low Zio Pro Fac Ext Cet Arc Hub Fac Upp Upp War Pro Fac Res Res Active Infowar (turns) 27662 | . 872 1050 2155 1672 856 1515 828 2472 1149 783 1518 591 1457 1031 382 472 776 1083 824 512 1494 953 1761 1099 357 Optics 873 | . . . . . . . . . . . . . . . . . . . . . . . 2 871 . Sensors 16588 | . . . . . . . 828 1613 1067 285 1516 579 1415 928 382 304 773 1083 698 502 873 865 1676 887 314 Terrain 3417 | . 872 800 602 . . . . . . . . . . . . . . 208 . . . . . 823 112 Structural 1014 | . . . . . . . . 659 355 . . . . . . . . . . . . . . . . Seismic 6448 | . . 250 2155 1672 856 1515 . . . . . . . . . . . . . . . . . . . T.N.C. 17788 | . . . . . . . . 2172 1149 783 1518 591 1457 1031 382 472 776 1083 824 512 1494 953 1761 830 . Machine Analysis 5622 | . . . . . . . . 907 . . . . . . . . . 870 824 512 1494 535 . 480 . Jamming 10937 | . . . . . . . . 271 . . . . 1029 1031 382 343 723 1053 824 512 907 926 1759 1066 111 ECM 136 | . . . . . . . . . . . . . . . . . . . . . . . . 135 1 Robot Analysis Total 1 | . . . . . . . . 1 . . . . . . . . . . . . . . . . . Derelict Logs Recovered 14 | . . 1 . 1 . . . . 2 2 1 1 . . . . . . 3 1 . 2 . . . Drone Launches 3 | . . . . . . . . . . . . . 3 . . . . . . . . . . . . Drone Recoveries 3 | . . . . . . . . . . . . . 3 . . . . . . . . . . . . Zionite Intel Received 17 | . . . . . . . . . . . . . 4 3 . . 4 . . . . . 2 4 . Branch Access 2 | . . . . . . . . . . . . . . 1 . . 1 . . . . . . . . Emergency Access 2 | . . . . . . . . . . . . . 1 . . . . . . . . . 1 . . Component Stockpiles 2 | . . . . . . . . . . . . . . 1 . . . . . . . . 1 . . Prototype Stockpiles 2 | . . . . . . . . . . . . . . . . . 1 . . . . . . 1 . Prototype Schematics 1 | . . . . . . . . . . . . . 1 . . . . . . . . . . . . Unaware Schematics 1 | . . . . . . . . . . . . . . . . . . . . . . . . 1 . Active Terminals 1 | . . . . . . . . . . . . . . . . . . . . . . . . 1 . Active Garrisons 1 | . . . . . . . . . . . . . . . . . 1 . . . . . . . . Depthwide Sectors/0 3 | . . . . . . . . . . . . . 1 . . . 1 . . . . . . 1 . Depthwide Sectors/-1 2 | . . . . . . . . . . . . . 1 1 . . . . . . . . . . . Exploration | -11 -10 -10 -9 -9 -8 -8 -8 -7 -7 -7 -7 -6 -6 -6 -6 -6 -6 -5 -5 -5 -5 -4 -4 -3 -2 ------------- Run | Yrd Mat Min Mat Min Mat Gar Mat Fac Low Low Zio Pro Fac Ext Cet Arc Hub Fac Upp Upp War Pro Fac Res Res Turns Passed 29107 | 175 1019 1051 2195 1672 856 1827 1446 2472 1149 783 1518 591 1457 1031 382 472 776 1083 824 512 1494 953 1761 1149 459 Spaces Moved 16446 | 47 515 605 991 565 402 836 743 1644 682 526 1038 362 880 575 108 172 487 634 653 441 908 642 848 814 328 Core 154 | 5 . . . . . . . . . . . . . . . . . . . . . . . . 149 Treads 4565 | 42 515 605 991 565 402 836 184 4 . . . 278 143 . . . . . . . . . . . . Legs 10872 | . . . . . . . 559 1640 287 526 1038 84 303 575 108 172 487 634 653 441 908 642 848 814 153 Wheels 854 | . . . . . . . . . 395 . . . 434 . . . . . . . . . . . 25 Hover 1 | . . . . . . . . . . . . . . . . . . . . . . . . . 1 Flight . | . . . . . . . . . . . . . . . . . . . . . . . . . . Fastest Speed 50 | 50 160 160 160 160 160 162 105 101 110 131 131 128 115 115 115 115 115 112 112 112 102 110 105 100 50 Average Speed 129 | 148 160 160 160 160 162 162 129 116 140 133 131 153 124 118 115 144 115 114 112 112 107 110 106 102 99 Slowest Speed 330 | 160 160 240 240 160 163 162 175 240 245 140 131 240 330 190 115 185 116 116 190 112 178 110 178 175 245 Overloaded Moves . | . . . . . . . . . . . . . . . . . . . . . . . . . . Propulsion Burnouts . | . . . . . . . . . . . . . . . . . . . . . . . . . . Robots Hopped . | . . . . . . . . . . . . . . . . . . . . . . . . . . Potential Cave-ins 5 | . . . . . . . . . . . . . . . . . . . . . 5 . . . . Cave-ins Triggered . | . . . . . . . . . . . . . . . . . . . . . . . . . . Exploration Rate (%) 55 | 4 82 96 76 94 40 90 53 39 69 60 89 48 19 73 48 82 45 11 71 63 89 65 10 21 8 Regions Visited 25 Branch Regions 14 Pre-discovered Areas 43 | . . . 1 1 . . . . 2 1 1 . 15 5 . . 10 . 1 1 . 1 . 4 . Known Exits Taken 21 | . . 1 1 . 1 . 1 1 1 1 1 1 1 1 1 1 1 1 1 1 1 1 1 1 . Unknown Exits Taken 3 | 1 1 . . 1 . . . . . . . . . . . . . . . . . . . . . Scrap Searched 18 | . . 2 . 1 . . . . 3 1 2 . . . . . . . 1 4 . 4 . . . Spaces Dug 202 | . . 7 8 . 12 . 4 23 58 6 . . 4 . . . 3 6 . . . 52 15 4 . Terrain Destroyed 1383 | . . 47 47 . 53 113 41 54 101 6 . . 37 1 . . 479 38 62 . 55 132 71 46 . Melee 31 | . . . . . . . 3 12 . . . . 4 . . . 3 6 . . . . . 3 . Projectile 74 | . . . . . . . . . . . . . . 1 . . . 1 . . 3 5 40 24 . AOE 1278 | . . 47 47 . 53 113 38 42 101 6 . . 33 . . . 476 31 62 . 52 127 31 19 . Terrain Rammed . | . . . . . . . . . . . . . . . . . . . . . . . . . . Walls Destroyed . | . . . . . . . . . . . . . . . . . . . . . . . . . . Machines Disabled . | . . . . . . . . . . . . . . . . . . . . . . . . . . Actions | -11 -10 -10 -9 -9 -8 -8 -8 -7 -7 -7 -7 -6 -6 -6 -6 -6 -6 -5 -5 -5 -5 -4 -4 -3 -2 --------- Run | Yrd Mat Min Mat Min Mat Gar Mat Fac Low Low Zio Pro Fac Ext Cet Arc Hub Fac Upp Upp War Pro Fac Res Res Total 22710 | 90 626 660 1460 1333 541 1146 1088 2016 844 579 1194 389 1179 867 341 375 665 939 711 457 1293 857 1618 1023 419 Wait 3792 | 1 36 18 265 768 31 103 143 127 90 10 142 11 163 104 202 173 96 244 25 3 175 147 649 37 29 Move 16420 | 46 514 604 990 564 402 833 742 1643 681 525 1037 361 879 574 107 171 486 633 652 440 907 641 847 813 328 Hop . | . . . . . . . . . . . . . . . . . . . . . . . . . . Pick Up 253 | 1 16 6 28 . 4 13 42 22 11 2 4 . 17 10 1 2 8 9 1 4 11 10 10 17 4 Fast Attach 176 | 7 1 2 9 . 6 . 6 18 9 . 2 3 14 3 4 6 8 3 1 2 15 8 14 22 13 Attach 95 | 1 1 3 3 . . 4 8 13 10 1 . . 9 1 . 1 2 2 2 . 4 3 4 12 11 Detach 36 | 1 . . . . 1 . . 6 4 . . . 1 . . 3 1 . . . 5 . 4 7 3 Swap 327 | . 8 7 26 . 15 23 33 43 7 14 3 4 19 19 5 . 5 6 14 2 22 12 18 22 . Drop 342 | . 6 2 42 . 12 20 33 32 7 2 5 4 32 15 6 4 15 8 1 4 27 13 23 28 1 Fire 777 | 33 41 13 86 . 37 100 74 70 20 14 1 4 18 7 2 4 25 11 10 2 73 23 43 59 7 Melee 198 | . 1 . . . . 19 3 34 . . . . 20 33 14 11 10 23 5 . 1 . . 4 20 Ram 1 | . . . . . . . . . . . . . 1 . . . . . . . . . . . . Kick 13 | . . . . . . . 2 8 . . . . . . . . . . . . . . 2 1 . Crush 17 | . 2 5 1 1 2 4 2 . . . . . . . . . . . . . . . . . . Escape Stasis 3 | . . . . . . . . . . . . . . . . . . . . . . . . . 3 Rewire 193 | . . . . . . 27 . . . . . 2 . 101 . . 9 . . . 53 . . 1 . Trap 67 | . . . 10 . 31 . . . 5 11 . . 6 . . . . . . . . . 4 . . Miscellaneous . | . . . . . . . . . . . . . . . . . . . . . . . . . . Route ------- -11/Scrapyard -10/Materials (discovered 5 exits: *Mat x3 / *Min / [*Sub]) -10/Mines (discovered 3 exits: *Mat x2 / [*Sub]) -9/Materials (discovered 3 exits: *Min x2 / Sto) -9/Mines (discovered 3 exits: *Mat x2 / [*Exi]) -8/Materials -8/Garrison (discovered 3 exits: *Mat x3) -8/Materials -7/Factory (discovered 3 exits: *Fac / *Low x2) -7/Lower Caves -7/Lower Caves (discovered 3 exits: *Fac x2 / *Zio) -7/Zion -6/Proximity Caves -6/Factory (discovered 3 exits: *Fac / *Ext x2) -6/Extension (discovered 3 exits: *Fac x2 / *Cet) -6/Cetus -6/Archives (discovered 3 exits: *Fac / *Hub x2) -6/Hub_04(d) -5/Factory -5/Upper Caves -5/Upper Caves (discovered 2 exits: *Fac / *War) -5/Warlord -4/Proximity Caves -4/Factory -3/Research -2/Research History --------- Turn | Location | Event 5 | -11/Scrapyard | Discovered new exit (range 15) 176 | -11/Scrapyard | Entered Materials 304 | -10/Materials | Build established: Mutant 400 | -10/Materials | Discovered new exit (range 3) 429 | -10/Materials | Identified exit to Materials 483 | -10/Materials | Discovered new exit (range 16) 604 | -10/Materials | Discovered exit to Materials (range 15) 762 | -10/Materials | Discovered new exit (range 7) 798 | -10/Materials | Discovered exit to Materials (range 13) 1195 | -10/Materials | Entered Mines 1447 | -10/Mines | Discovered exit to Materials (range 8) 1454 | -10/Mines | Received a Rocket Launcher from a helpful Derelict 1667 | -10/Mines | Met a Derelict who couldn't figure out how to use a Trap Extractor 1754 | -10/Mines | Learned Materials trap positions 1809 | -10/Mines | Core integrity fell below 50% 1850 | -10/Mines | Discovered exit to Materials (range 9) 1943 | -10/Mines | A weapon hastily lodged in a ceiling crevice suddenly fell to the ground 2019 | -10/Mines | Discovered new exit (range 3) 2153 | -10/Mines | Found a Scrap Suit stashed away for nefarious purposes 2246 | -10/Mines | Entered Materials 2246 | -9/Materials | Evolved 2 slots: Utility x2 2247 | -9/Materials | Loaded intel: 13 trap records 2335 | -9/Materials | Repaired Lgt. Treads 2375 | -9/Materials | Repaired Ion Cannon 2899 | -9/Materials | Discovered new exit (range 8) 3180 | -9/Materials | Build established: Scavenger-Mutant 3624 | -9/Materials | Discovered new exit (range 12) 3983 | -9/Materials | Learned 4 Recycling zone layouts 4055 | -9/Materials | Learned Storage trap positions 4104 | -9/Materials | Repaired Hvy. Ion Engine 4131 | -9/Materials | Repaired Lgt. Treads 4167 | -9/Materials | Learned 2 Storage zone layouts 4210 | -9/Materials | Identified exit to Storage 4233 | -9/Materials | Identified exit to Mines 4243 | -9/Materials | Learned location of Zion (-7) 4266 | -9/Materials | Learned 4 Recycling zone layouts 4340 | -9/Materials | Learned Storage security intel 4441 | -9/Materials | Entered Mines 4669 | -9/Mines | Assembled infested the area 5624 | -9/Mines | Discovered new exit (range 10) 5635 | -9/Mines | Deemed a non-threat by the Exiles lab entrance 5635 | -9/Mines | Discovered new exit (range 5) 5662 | -9/Mines | Received a Mining Laser from a helpful Derelict 5829 | -9/Mines | Discovered new exit (range 7) 6113 | -9/Mines | Entered Materials 6113 | -8/Materials | Evolved 2 slots: Propulsion x2 6912 | -8/Materials | Garrison activated, responded to threat 6969 | -8/Materials | Identified exit to Garrison 6969 | -8/Materials | Entered Garrison 7119 | -8/Garrison | Build established: Mutant 7311 | -8/Garrison | Triggered checkpoint 7339 | -8/Garrison | Garrison Relay disabled 7423 | -8/Garrison | Triggered checkpoint 7436 | -8/Garrison | Triggered checkpoint 7439 | -8/Garrison | Triggered checkpoint 7460 | -8/Garrison | Build established: Scavenger-Mutant 7467 | -8/Garrison | Destroyed 7 combat bots 7517 | -8/Garrison | Triggered checkpoint 7560 | -8/Garrison | Garrison Relay disabled 7622 | -8/Garrison | Garrison Relay disabled 7715 | -8/Garrison | Discovered new exit (range 13) 7785 | -8/Garrison | Identified exit to Materials 7832 | -8/Garrison | Attempted to access garrison exit controls, blocked by remote lockdown 8071 | -8/Garrison | Phase Generator disabled 8097 | -8/Garrison | Discovered exit to Materials (range 9) 8281 | -8/Garrison | Triggered checkpoint 8362 | -8/Garrison | Garrison Relay disabled 8483 | -8/Garrison | Triggered checkpoint 8530 | -8/Garrison | Destroyed 7 combat bots 8632 | -8/Garrison | Discovered exit to Materials (range 11) 8650 | -8/Garrison | Attempted to access garrison exit controls, blocked by remote lockdown 8796 | -8/Garrison | Entered Materials 8870 | -8/Materials | Repaired Lrg. Storage Unit 9196 | -8/Materials | First assault squad dispatched 9791 | -8/Materials | Core integrity fell below 50% 9866 | -8/Materials | Discovered new exit (range 16) 9876 | -8/Materials | Destroyed 8 combat bots 9879 | -8/Materials | Lost 10 parts (2p5n2u1w) 10241 | -8/Materials | Identified exit to Factory 10242 | -8/Materials | Entered Factory 10242 | -7/Factory | Evolved 2 slots: Utility x2 10324 | -7/Factory | Repaired Aluminum Leg+ 10946 | -7/Factory | Build established: Scavenger-Skirmisher 11037 | -7/Factory | Discovered new exit (range 8) 11045 | -7/Factory | Identified exit to Factory 11666 | -7/Factory | Build established: Scavenger-Mutant 11716 | -7/Factory | Cargo convoy interrupted 12160 | -7/Factory | Identified exit to Lower Caves 12338 | -7/Factory | Lost 3 parts (1p2n) 12408 | -7/Factory | Core integrity fell below 50% 12441 | -7/Factory | Lost 5 parts (1p1n2u1w) 12470 | -7/Factory | Garrison activated, responded to threat 12642 | -7/Factory | First assault squad dispatched 12714 | -7/Factory | Entered Lower Caves 12743 | -7/Lower Caves | Lost 4 parts (1p1n1u1w) 12975 | -7/Lower Caves | Met a Warlord Commander 12976 | -7/Lower Caves | Learned location of Warlord (-5) 12977 | -7/Lower Caves | Warlord Commander delivered Encrypted Comm Array 12981 | -7/Lower Caves | Found Encrypted Comm Array 13034 | -7/Lower Caves | Attracted the attention of an 0b10 checkpoint 13076 | -7/Lower Caves | Lost 4 parts (1p1n1u1w) 13549 | -7/Lower Caves | Discovered new exit (range 3) 13556 | -7/Lower Caves | Identified exit to Lower Caves 13863 | -7/Lower Caves | Entered another Lower Caves area 13935 | -7/Lower Caves | Learned Factory terminal intel 13939 | -7/Lower Caves | Discovered exit to Factory (range 12) 14049 | -7/Lower Caves | Build established: Derelict-Skirmisher 14386 | -7/Lower Caves | Attracted the attention of an 0b10 checkpoint 14420 | -7/Lower Caves | Core integrity fell below 20% 14500 | -7/Lower Caves | Build established: Derelict-Mutant 14507 | -7/Lower Caves | NK-0LA showed up to help 14509 | -7/Lower Caves | NK-0LA revealed a hidden path 14591 | -7/Lower Caves | Discovered new exit (range 15) 14609 | -7/Lower Caves | Identified exit to Zion 14646 | -7/Lower Caves | Entered Zion 14698 | -7/Zion | System corruption cleaned by Quarantine Array 14766 | -7/Zion | Found Prototype Device 14767 | -7/Zion | Identified Mobile Refinery Mk. CCLXVII 14820 | -7/Zion | Given A8's code to call for help 14921 | -7/Zion | Discovered new exit (range 16) 14933 | -7/Zion | Build established: Derelict-Skirmisher 14939 | -7/Zion | Identified exit to Proximity Caves 15253 | -7/Zion | Met Imprinter 15413 | -7/Zion | Learned 4 Factory zone layouts 15791 | -7/Zion | Imprinted 15793 | -7/Zion | Declared Zion's savior 16164 | -7/Zion | Entered Proximity Caves 16164 | -6/Proximity Caves | Accompanied by 4 allies 16341 | -6/Proximity Caves | Learned 4 Factory zone layouts 16560 | -6/Proximity Caves | Build established: Scavenger-Skirmisher 16743 | -6/Proximity Caves | Discovered exit to Factory (range 7) 16755 | -6/Proximity Caves | Entered Factory 16755 | -6/Factory | Accompanied by 2 allies 16755 | -6/Factory | Evolved 2 slots: Utility x2 16756 | -6/Factory | Identified exit to Extension 16757 | -6/Factory | Loaded intel: 28 terminal locations 16881 | -6/Factory | Retrieved Zion intel report: Emergency Access 17081 | -6/Factory | Retrieved Zion intel report: Depthwide Sectors/-5 17082 | -6/Factory | Zion Light squad teleported in 17152 | -6/Factory | Discovered new exit (range 4) 17155 | -6/Factory | Identified exit to Factory 17255 | -6/Factory | Lost 4 allies 17324 | -6/Factory | Discovered exit to Extension (range 16) 17482 | -6/Factory | Found Prototype Launcher 17482 | -6/Factory | Identified Scatter Rocket Array 17505 | -6/Factory | Retrieved Zion intel report: Depthwide Sectors/-6 17642 | -6/Factory | Cargo convoy interrupted 17693 | -6/Factory | Found Prototype Device 17693 | -6/Factory | Identified Adv. Kinecellerator 17714 | -6/Factory | Found Adv. Kinecellerator 17961 | -6/Factory | Build established: Scavenger-Assassin 18084 | -6/Factory | Retrieved Zion intel report: Prototype Schematics 18132 | -6/Factory | Terminal network hard line cut 18212 | -6/Factory | Entered Extension 18314 | -6/Extension | Build established: Assassin 18563 | -6/Extension | Zion Thermal Resupply teleported in 18607 | -6/Extension | Retrieved Zion intel report: Depthwide Sectors/-5 18632 | -6/Extension | Door terminal overloaded 18633 | -6/Extension | Rescued a captive Derelict 18694 | -6/Extension | Energy Cycler disabled 18694 | -6/Extension | Rescued a captive Derelict 18694 | -6/Extension | Rescued a captive Derelict 18694 | -6/Extension | Rescued a captive Derelict 18695 | -6/Extension | Rescued a captive Derelict 18695 | -6/Extension | Rescued a captive Derelict 18695 | -6/Extension | Rescued a captive Derelict 18695 | -6/Extension | Rescued a captive Derelict 18697 | -6/Extension | Rescued a captive Derelict 18697 | -6/Extension | Rescued a captive Derelict 18698 | -6/Extension | Rescued a captive Derelict 18700 | -6/Extension | Rescued a captive Derelict 18702 | -6/Extension | Rescued a captive Derelict 18703 | -6/Extension | Rescued a captive Derelict 18749 | -6/Extension | Rescued A7 18849 | -6/Extension | Lost 6 allies 18903 | -6/Extension | Spotted B-75 Beast 18909 | -6/Extension | Spotted B-75 Beast 18915 | -6/Extension | Discovered exit to Factory (range 15) 18938 | -6/Extension | Allies destroyed B-75 Beast 19141 | -6/Extension | Retrieved Zion intel report: Branch Access 19141 | -6/Extension | Identified exit to Cetus 19143 | -6/Extension | Retrieved Zion intel report: Component Stockpiles 19144 | -6/Extension | Zion Fire squad teleported in 19185 | -6/Extension | Discovered exit to Factory (range 10) 19200 | -6/Extension | Disrupted transfer network 19243 | -6/Extension | Entered Cetus 19243 | -6/Cetus | Accompanied by 6 allies (A7) 19248 | -6/Cetus | Acquired a Cetus Manufacturing Module code from A7 19258 | -6/Cetus | Spotted Cetus Guard 19258 | -6/Cetus | Spotted Cetus Guard 19261 | -6/Cetus | Spotted Cetus Guard 19262 | -6/Cetus | Spotted Cetus Guard 19265 | -6/Cetus | Allies destroyed Cetus Guard 19270 | -6/Cetus | Allies destroyed Cetus Guard 19277 | -6/Cetus | Allies destroyed Cetus Guard 19277 | -6/Cetus | Allies destroyed Cetus Guard 19304 | -6/Cetus | System corruption reached 10% 19338 | -6/Cetus | Started Cetus Manufacturing Module 19346 | -6/Cetus | Enhanced Grunt warped into view, answering call for help 19346 | -6/Cetus | Enhanced Grunt warped into view, answering call for help 19363 | -6/Cetus | Manufactured an Enhanced Grunt 19388 | -6/Cetus | Manufactured an Enhanced Grunt 19413 | -6/Cetus | Manufactured an Enhanced Grunt 19438 | -6/Cetus | Manufactured an Enhanced Grunt 19463 | -6/Cetus | Manufactured an Enhanced Grunt 19507 | -6/Cetus | Murdered A7 19511 | -6/Cetus | Found Prototype Protection 19511 | -6/Cetus | Identified Med. Regenerative Plating 19512 | -6/Cetus | Extracted ID and sensor layout for unrecognized location from A7's data core 19536 | -6/Cetus | Discovered new exit (range 16) 19552 | -6/Cetus | Identified exit to Archives 19625 | -6/Cetus | Entered Archives 19625 | -6/Archives | Accompanied by 12 allies 19665 | -6/Archives | Discovered new exit (range 16) 19786 | -6/Archives | Discovered exit to Factory (range 16) 19910 | -6/Archives | Discovered new exit (range 13) 19923 | -6/Archives | Identified exit to Hub_04(d) 20097 | -6/Archives | Entered Hub_04(d) 20097 | -6/Hub_04(d) | Accompanied by 12 allies 20153 | -6/Hub_04(d) | Zion hero teleported in (CL-ANK) 20154 | -6/Hub_04(d) | Build established: Commander-Assassin 20395 | -6/Hub_04(d) | Retrieved Zion intel report: Active Garrisons 20444 | -6/Hub_04(d) | Retrieved Zion intel report: Prototype Stockpiles 20453 | -6/Hub_04(d) | Retrieved Zion intel report: Branch Access 20587 | -6/Hub_04(d) | Retrieved Zion intel report: Depthwide Sectors/-6 20589 | -6/Hub_04(d) | Found Prototype Processor 20589 | -6/Hub_04(d) | Identified Exp. Targeting Computer 20749 | -6/Hub_04(d) | Discovered exit to Factory (range 6) 20793 | -6/Hub_04(d) | Lost 3 allies 20823 | -6/Hub_04(d) | Network Hub disabled 20831 | -6/Hub_04(d) | Network Hub disabled 20844 | -6/Hub_04(d) | Core integrity fell below 50% 20857 | -6/Hub_04(d) | System corruption reached 30% 20864 | -6/Hub_04(d) | Network Hub disabled 20867 | -6/Hub_04(d) | Spotted Lightning 20870 | -6/Hub_04(d) | Spotted Lightning 20871 | -6/Hub_04(d) | Spotted Lightning 20871 | -6/Hub_04(d) | Spotted Lightning 20871 | -6/Hub_04(d) | Spotted Lightning 20873 | -6/Hub_04(d) | Entered Factory 20873 | -5/Factory | Evolved 2 slots: Power x1, Utility x1 20900 | -5/Factory | Lost 8 allies 20992 | -5/Factory | Discovered new exit (range 16) 21021 | -5/Factory | Identified exit to Upper Caves 21079 | -5/Factory | Fabricated Machine Analyzer (x2) 21251 | -5/Factory | Repaired Neutrino Core 21315 | -5/Factory | Repaired Antimatter Reactor 21393 | -5/Factory | Build established: Scavenger-Assassin 21539 | -5/Factory | Watched by a mysterious "MATRIX" hacker. 21773 | -5/Factory | First assault squad dispatched 21779 | -5/Factory | Central database locked down 21956 | -5/Factory | Entered Upper Caves 21982 | -5/Upper Caves | Attracted the attention of an 0b10 checkpoint 22108 | -5/Upper Caves | Learned Factory non-interactive machine intel 22253 | -5/Upper Caves | Encountered a Warlord checkpoint 22280 | -5/Upper Caves | Identified exit to Upper Caves 22496 | -5/Upper Caves | Learned location of Armory (-3) 22622 | -5/Upper Caves | Lost 3 parts (2n1w) 22780 | -5/Upper Caves | Entered another Upper Caves area 22828 | -5/Upper Caves | Discovered new exit (range 6) 22833 | -5/Upper Caves | Identified exit to Factory 23067 | -5/Upper Caves | Build established: Scavenger-Skirmisher 23090 | -5/Upper Caves | Encountered a Warlord checkpoint 23160 | -5/Upper Caves | Discovered new exit (range 16) 23175 | -5/Upper Caves | Identified exit to Warlord 23292 | -5/Upper Caves | Entered Warlord 23345 | -5/Warlord | System corruption cleaned by Quarantine Array 23870 | -5/Warlord | Visited the Vortex Lab 23877 | -5/Warlord | Found Prototype Energy Cannon 23877 | -5/Warlord | Identified Vortex Cannon 23881 | -5/Warlord | Found Prototype Piercing Weapon 23881 | -5/Warlord | Identified Vortex Lance 23886 | -5/Warlord | Warlord's base attacked by MAIN.C 23952 | -5/Warlord | Found Prototype Processor 23952 | -5/Warlord | Identified Exp. Armor Integrity Analyzer 23962 | -5/Warlord | Found Prototype Reactor 23962 | -5/Warlord | Identified Vortex Chain Reactor 23966 | -5/Warlord | Found Prototype Device 23966 | -5/Warlord | Identified Exp. Phase Shifter 24148 | -5/Warlord | Spotted B-86 Titan 24155 | -5/Warlord | Spotted B-75 Beast 24191 | -5/Warlord | Destroyed 9 combat bots 24192 | -5/Warlord | Allies destroyed B-75 Beast 24236 | -5/Warlord | Warlord forces counterattacked 24273 | -5/Warlord | Spotted Striker 24274 | -5/Warlord | Lost 5 allies 24283 | -5/Warlord | Spotted Executioner 24314 | -5/Warlord | Spotted Striker 24325 | -5/Warlord | Spotted Striker 24340 | -5/Warlord | Spotted Striker 24340 | -5/Warlord | Spotted Striker 24396 | -5/Warlord | Lost 22 allies 24400 | -5/Warlord | Spotted Striker 24420 | -5/Warlord | Spotted Executioner 24457 | -5/Warlord | Found Prototype Processor 24457 | -5/Warlord | Identified Exp. Core Analyzer 24473 | -5/Warlord | Lost 6 allies 24536 | -5/Warlord | Lost 4 allies 24540 | -5/Warlord | Spotted Executioner 24561 | -5/Warlord | Warlord base infiltrated, sounded retreat 24577 | -5/Warlord | Build established: Scavenger-Mutant 24595 | -5/Warlord | Rebuked by Warlord 24692 | -5/Warlord | Spotted Executioner 24697 | -5/Warlord | Destroyed Executioner 24709 | -5/Warlord | Spotted Striker 24718 | -5/Warlord | Spotted Executioner 24743 | -5/Warlord | Discovered new exit (range 14) 24755 | -5/Warlord | Identified exit to Proximity Caves 24758 | -5/Warlord | Lost 6 allies 24786 | -5/Warlord | Entered Proximity Caves 25084 | -4/Proximity Caves | Build established: Scavenger-Skirmisher 25352 | -4/Proximity Caves | Lost 3 parts (1u2w) 25447 | -4/Proximity Caves | System corruption reached 10% 25460 | -4/Proximity Caves | Found Imp. Powered Armor 25506 | -4/Proximity Caves | Learned Research terminal intel 25583 | -4/Proximity Caves | Build established: Scavenger-Mutant 25732 | -4/Proximity Caves | Discovered exit to Factory (range 5) 25739 | -4/Proximity Caves | Entered Factory 25739 | -4/Factory | Evolved 2 slots: Power x1, Utility x1 25740 | -4/Factory | Loaded intel: 200 non-interactive machine locations 25975 | -4/Factory | Retrieved Zion intel report: Component Stockpiles 25984 | -4/Factory | Discovered new exit (range 15) 26002 | -4/Factory | Identified exit to Research 26009 | -4/Factory | Retrieved Zion intel report: Emergency Access 26084 | -4/Factory | Build established: Scavenger-Skirmisher 26132 | -4/Factory | Repaired Broken Helical Railgun 27022 | -4/Factory | Terminal network hard line cut 27275 | -4/Factory | Cargo convoy interrupted 27319 | -4/Factory | Found Prototype Launcher 27319 | -4/Factory | Identified Com. Tesla Bomb Launcher 27332 | -4/Factory | Found Prototype Device 27332 | -4/Factory | Identified Adv. EM Shield 27335 | -4/Factory | Found Prototype Device 27335 | -4/Factory | Identified Exp. Transmission Jammer 27349 | -4/Factory | Found Exp. Transmission Jammer 27467 | -4/Factory | Unchained authorized (DW-4LL) 27500 | -4/Factory | Entered Research 27500 | -3/Research | Evolved 2 slots: Utility x2 27501 | -3/Research | Loaded intel: 24 terminal locations 27517 | -3/Research | Lost 3 parts (3u) 27607 | -3/Research | Zion Experimental squad teleported in 27699 | -3/Research | Zion Infowar Resupply teleported in 27968 | -3/Research | Retrieved Zion intel report: Prototype Stockpiles 27975 | -3/Research | Retrieved Zion intel report: Active Terminals 28031 | -3/Research | Discovered new exit (range 11) 28033 | -3/Research | Retrieved Zion intel report: Unaware Schematics 28049 | -3/Research | Identified exit to Research 28131 | -3/Research | Retrieved Zion intel report: Depthwide Sectors/-3 28136 | -3/Research | Unchained authorized (DW-4LL) 28217 | -3/Research | Spotted B-86 Titan 28228 | -3/Research | Destroyed 7 combat bots 28465 | -3/Research | Found Prototype Device 28465 | -3/Research | Identified Exp. EM Disruption Field 28532 | -3/Research | DW-4LL burst out of a wall 28554 | -3/Research | System corruption reached 10% 28588 | -3/Research | System corruption reached 30% 28649 | -3/Research | Entered another Research area 28649 | -2/Research | Evolved 2 slots: Propulsion x1, Utility x1 28671 | -2/Research | Lost 24 parts (4p5n13u2w) 28768 | -2/Research | Garrison activated, responded to threat 29023 | -2/Research | Released all parts (7) 29050 | -2/Research | Lost 9 parts (2p5n2w) 29083 | -2/Research | Core integrity fell below 50% 29098 | -2/Research | Core integrity fell below 20% 29108 | -2/Research | Destroyed by C-57 Dissector with Dual-blade Saw Last Messages --------------- dispatching Cutter reinforcements to area. 29079_ Imp. Antigrav System destroyed. 29079_ System corrupted by crushing effect (+2). 29079_ Knocked back. 29080_ ALERT: Potential suspicious activity detected, Programmers report to Research Zone 3Z. 29082_ Penetrated by Slug. 29082_ Knocked back. 29090_ Triggered Stasis Trap. 29090_ A bubble of rippling energy engulfs the area. 29090_ Field strength at 94. 29093_ Com. Tesla Bomb Launcher severed. 29094_ Field strength at 69. 29095_ Field strength at 63. 29096_ Field strength at 57. 29099_ Penetrated by Slug. 29099_ Stasis field depleted. 29101_ System corrupted: Matter fused (-8). Map ----- +----------------------------------------------------+ | #????????????????????????????????????????????????? | | #????????????????????????????????????????????????? | | #????????????????????????????????????????????????? | | #????????????????????????????????????????????????? | | #????????????????????????????????????????????????? | | #????????????#???????????????????????????????????? | | #??????????? #???????????????????????????????????? | | #??????????? +???????????????????????????????????? | | #??????????? #??????????? ?????????????????????? | | ############+###????????? #???????????????????? | | !! ## #????????? #???????????????????? | | !! ?# #????????? #???????????????????? | | !%???# #????????# #???????????????????? | | ?????# #????????# +???????????????????? | | #+######## % ########## #???????????????????? | | %" " !# #???????????????????? | | "] # * # #???????????????????? | | # #! # #???????????????????? | | ######+""# # """ # #???????????????????? | | ???# # # """ # #???????????????????? | | ???# # ! # """ + +???????????????????? | | ???# # # # #???????????????????? | | ???# ####### # #???????????????????? | | ???# #?????# / #???????????????????? | | ???# #?????###########c#######???????????????? | | ???# ! #??????????# @ #???????????????? | | ???# #??????????# #???????????????? | | ???# #??????????#"" """ #???????????????? | | ???# #??????????#"" """ #???????????????? | | ???# #??????????#G """ #???????????????? | | ???# #??????????#"" #???????????????? | | ???#######??????????#"" ! #???????????????? | | ????????????????????# """ ????????????????? | | ????????????????????# """ ????????????????? | | ????????????????????# """ ????????????????? | | ????????????????????# ????#???????????????? | | ????????????????????# ????????????????????? | | ????????????????????##########???????????????????? | | ?????????????????????????????????????????????????? | | ?????????????????????????????????????????????????? | | ?????????????????????????????????????????????????? | | ?????????????????????????????????????????????????? | | ?????????????????????????????????????????????????? | | ?????????????????????????????????????????????????? | | ?????????????????????????????????????????????????? | | ?????????????????????????????????????????????????? | | ?????????????????????????????????????????????????? | | ?????????????????????????????????????????????????? | | ?????????????????????????????????????????????????? | | ?????????????????????????????????????????????????? | +----------------------------------------------------+ Best States ------------- Heat Dissipation 93 Energy Generation 69 Energy Capacity 830 Matter Stores 300 Matter Capacity 300 Sight Range 23 Robot Scan Range 19 Terrain Scan Range 20 Terrain Scan Density 10 ECM Strength 2 Jamming Range 22 Power Amplification 30 Base Temperature (-) 150 Armor Coverage 625 Phase Shifting 20 Evasion (%) 69 Melee Accuracy 8 Target Analysis 12 Core Analysis 11 Recoil Reduction 4 Kinecelleration 50 Offensive Hacking 10 Trap Extractor Capacity 6 Item Schematics ----------------- Transport Network Coupler | -9/Materials | Scanalyzed Hcp. Storage Unit | -9/Materials | Hacked Imp. Trap Extractor | -8/Materials | Scanalyzed Lyr. Light Armor Plating | -8/Materials | Scanalyzed Graphene Brace | -8/Materials | Scanalyzed Machine Analyzer | -8/Materials | Scanalyzed Structural Scanner | -7/Factory | Scanalyzed Transmission Jammer | -7/Factory | Scanalyzed Imp. Salvage Targeting Computer | -7/Zion | Archive Fusion Compressor | -7/Zion | Archive Med. Reactive Plating | -7/Zion | Archive Imp. Heavy Armor Plating | -7/Zion | Archive Microactuators | -7/Zion | Archive Spear | -7/Zion | Archive Lrn. Proton Cannon | -7/Zion | Archive Point Defense System | -7/Zion | Archive Power Maul | -7/Zion | Archive Adv. Sensor Array | -7/Zion | Archive Coolant Injector | -7/Zion | Archive Lgt. Fission Core | -7/Zion | Archive Enh. Optical Array | -7/Zion | Archive Energy Filter | -7/Zion | Archive Rocket Array | -6/Factory | Z-intel Cld. Airjet | -6/Factory | Z-intel Force Rifle | -6/Factory | Z-intel Prc. Shock Rifle | -6/Factory | Z-intel Prc. Grenade Launcher | -6/Factory | Z-intel Biomechanical Wings | -6/Factory | Z-intel Imp. Heavy Laser | -6/Factory | Z-intel Cld. VTOL Module | -6/Factory | Z-intel Cld. Cesium-ion Thruster | -6/Factory | Z-intel Cld. Aerolev Unit | -6/Factory | Z-intel Adv. Beam Rifle | -6/Factory | Z-intel Mni. Assault Cannon | -6/Factory | Z-intel Adv. Terrain Scanner | -5/Factory | Scanalyzed Robot Schematics ------------------ G-47 Trooper | -7/Zion | Archive A-02 Transporter | -7/Zion | Archive M-28 Smith | -7/Zion | Archive X-77 Beamer | -7/Zion | Archive R-10 Processor | -3/Research | Z-intel A-27 Freighter | -3/Research | Z-intel K-01 Serf | -3/Research | Z-intel B-74 Champion | -3/Research | Z-intel R-06 Scavenger | -3/Research | Z-intel Fabricated ------------ Machine Analyzer | x2 | -5/Factory Repaired ---------- Lgt. Treads | 67% | -9/Materials Ion Cannon | 66% | -9/Materials Hvy. Ion Engine | 34% | -9/Materials Lgt. Treads | 65% | -9/Materials Lrg. Storage Unit | 69% | -8/Materials Aluminum Leg | 8% | -7/Factory Neutrino Core | 1% | -5/Factory Antimatter Reactor | 22% | -5/Factory Helical Railgun | 40% | -4/Factory | Broken Studied --------- Aluminum Leg | -9/Materials | Hacked Hvy. Assault Rifle | -9/Materials | Hacked Mni. Grenade Launcher | -9/Materials | Hacked Datajack | -9/Materials | Hacked Rocket Launcher | -9/Materials | Hacked Particle Cannon | -9/Materials | Hacked Imp. Aluminum Leg | -8/Materials | Hacked Katana | -8/Materials | Hacked Lgt. Nuclear Core | -8/Materials | Hacked Lgt. Treads | -8/Materials | Hacked Imp. Carbon-fiber Leg | -7/Factory | Hacked Hvy. Particle Cannon | -7/Factory | Hacked Imp. Grenade Launcher | -7/Factory | Hacked Plasma Cannon | -7/Factory | Hacked Carbon-fiber Leg | -5/Factory | Hacked Flexi-carbon Leg | -5/Factory | Hacked Hvy. Rocket Launcher | -5/Factory | Hacked Alien Tech Used ----------------- None Achievements -------------- Just Shoot The Terminal Treasure Hunter Challenges ------------ None Game ------ Seed ForceTerrabombMatter Manual? 0 Play Time 04:14:27 Cumulative 355.5 hours Start 2026.02.21 @ 18:50:18 End 2026.02.23 @ 21:46:39 Sessions 7 Manual Loads 0 Difficulty Rogue Special Mode None Game No. 227 Rogue 227 Adventurer 0 Explorer 0 Win Type - Total 13 Types 9/1/1/1/0/0/0/1/0/0 Lore% 93 Gallery% 79 Achievement% 69 Wizard Run 0 Options --------- Layout 1 ASCII 0 Keyboard 0 Movement Mouse Keybinds 0 Fullscreen 2 Font 32/SmallcapsGlow Map View 50x35 Zoom Use 0% Tactical HUD 1 Map Filters NONE Filters NONE Steam 1 RUN: df878b51-e1c0-4228-8f30-41d827bd977f